 Dungeon Crawl Stone Soup version 0.18-b1-10-g3f7de93 (webtiles) character file.

488 LORDOFBUTT the Ducker (level 6, -2/47 HPs)
             Began as a Demonspawn Gladiator on Apr 30, 2016.
             Slain by an iguana (8 damage)
             ... on level 4 of the Dungeon.
             The game lasted 00:04:00 (2502 turns).

LORDOFBUTT the Ducker (Demonspawn Gladiator)        Turns: 2502, Time: 00:04:00

Health: -2/47      AC: 10    Str: 15    XL:     6   Next: 90%
Magic:  6/6        EV: 13    Int:  9    God:
Gold:   150        SH:  3    Dex: 16    Spells: 0 memorised, 5 levels left

rFire  . . .     SeeInvis +     a - +0 war axe
rCold  . . .     Gourm    .     b - +0 leather armour
rNeg   . . .     Faith    .     (no shield)
rPois  +         Spirit   .     c - +0 helmet
rElec  .         Dismiss  .     (no cloak)
rCorr  .         Reflect  .     h - +0 pair of gloves
SustAt .         Harm     .     k - +1 pair of boots
MR     .....                    (no amulet)
Stlth  +.........               r - ring of see invisible
                                g - ring of poison resistance

@: heavily drained, not resistant to hostile enchantments, very unstealthy
A: large bone plates 2, powered by death 1
a: no special abilities


You were on level 4 of the Dungeon.
You were hungry.

You visited 1 branch of the dungeon, and saw 4 of its levels.

You collected 150 gold pieces.

Inventory:

Hand Weapons
 a - a +0 war axe (weapon)
Missiles
 d - 3 throwing nets (quivered)
Armour
 b - a +0 leather armour (worn)
 c - a +0 helmet (worn)
 h - a +0 pair of gloves (worn)
 k - a +1 pair of boots (worn)
Jewellery
 g - a ring of poison resistance (left hand)
 r - a ring of see invisible (right hand)
 u - an uncursed ring of wizardry
Scrolls
 e - a scroll of immolation {unknown}
 i - a scroll of noise {unknown}
 j - 2 scrolls of remove curse
 o - a scroll of blinking {unknown}
 q - a scroll of teleportation {unknown}
 s - a scroll of amnesia {unknown}
 t - a scroll of random uselessness {unknown}
 v - 4 scrolls of identify
Potions
 l - a potion of heal wounds {unknown}
 m - a potion of beneficial mutation {unknown}
 n - a potion of berserk rage {unknown}
 p - 3 potions of mutation
 w - a potion of haste {unknown}
 z - a potion of resistance {unknown}
Comestibles
 f - 3 bread rations
 x - a slice of pizza


   Skills:
 * Level 3.5(2.2) Fighting
 * Level 4.2(2.9) Axes
 + Level 2.0(0.8) Throwing
 * Level 2.8(1.6) Armour
 * Level 4.6(3.3) Dodging
 + Level 0.4(0.0) Stealth


You had 5 spell levels left.
You didn't know any spells.

Dungeon Overview and Level Annotations

Branches:
Dungeon (4/15)
 Temple: D:4-7

Altars:
Kikubaaqudgha
Okawaru
Sif Muna
Vehumet
Zin


Innate Abilities, Weirdness & Mutations

You are mostly covered in large bone plates (AC +3, SH +3).
You regenerate a little health from kills.


Message History

You are too injured to fight recklessly!
You are too injured to fight recklessly!
You are too injured to fight recklessly!
You are too injured to fight recklessly!
You barely miss the iguana. The iguana bites you!
* * * LOW HITPOINT WARNING * * *
You slash the iguana!
The iguana is heavily wounded.
The iguana bites you!
* * * LOW HITPOINT WARNING * * *
You slash the iguana!
The iguana is almost dead.
The iguana closely misses you. x2
You hit the iguana but do no damage.
The iguana is almost dead.
The iguana misses you.
You closely miss the iguana.
The iguana is almost dead.
The iguana bites you!
You die...

.....##...###..#######.##
.....###### #..#.... #
.....# #...... .....#
#...... .....# #.....
###### # #...
#.#..#####.# #######
#..†l......#
#####.....######@.#
#.................#
#.###.....#######.# #.#
#.....# #.##
#.###.....#######..#
#..............##..#
#..###########.##..##
...##......).#.##..>#
##.##.######.#.##.#.#


You could see an iguana.

Vanquished Creatures
  Duvessa (D:4)
  An ogre (D:4)
  Dowan (D:4)
  A scorpion (D:4)
  A hound (D:4)
  A worker ant (D:4)
  A howler monkey skeleton (D:3)
  5 adders
  An ooze (D:3)
  3 worms
  A dart slug (D:1)
  2 orcs (D:3)
  5 bats
  2 giant cockroaches (D:1)
  7 goblins
  10 hobgoblins
  4 jackals
  4 quokkas
  2 ball pythons
  5 giant newts
  A jackal skeleton (D:4)
  7 kobolds
  7 rats
  2 toadstools (D:1)
75 creatures vanquished.

Vanquished Creatures (others)
  2 toadstools (D:1)
2 creatures vanquished.

Grand Total: 77 creatures vanquished

Notes
Turn   | Place    | Note
--------------------------------------------------------------
     0 | D:1      | LORDOFBUTT the Demonspawn Gladiator began the quest for the Orb.
     0 | D:1      | Reached XP level 1. HP: 16/16 MP: 1/1
   176 | D:1      | Gained mutation: You are partially covered in large bone plates (AC +2, SH +2). [demonic ancestry]
   176 | D:1      | Reached XP level 2. HP: 19/22 MP: 2/2
   483 | D:2      | Reached XP level 3. HP: 25/28 MP: 3/3
   638 | D:2      | Reached skill level 1 in Armour
   641 | D:2      | Found an iron altar of Okawaru.
   664 | D:2      | Found a radiant altar of Vehumet.
   781 | D:2      | Found a deep blue altar of Sif Muna.
   782 | D:2      | Found an ancient bone altar of Kikubaaqudgha.
   876 | D:3      | Found a glowing silver altar of Zin.
   991 | D:3      | Gained mutation: You regenerate a little health from kills. [demonic ancestry]
   991 | D:3      | Reached XP level 4. HP: 24/34 MP: 4/4
  1838 | D:4      | Noticed Dowan
  1841 | D:4      | Noticed Duvessa
  1850 | D:4      | Killed Duvessa
  1850 | D:4      | Gained mutation: You are mostly covered in large bone plates (AC +3, SH +3). [demonic ancestry]
  1850 | D:4      | Reached XP level 5. HP: 28/41 MP: 5/5
  1864 | D:4      | Killed Dowan
  1864 | D:4      | Reached XP level 6. HP: 23/47 MP: 6/6
  2499 | D:4      | HP: 1/47 [iguana (7)]
  2502 | D:4      | Slain by an iguana

Skill      XL: |  1  2  3  4  5  6 |
---------------+-------------------+-----
Dodging        | 3 4 |  4.6
Throwing       | 2 |  2.0
Axes           | 3 4 |  4.2
Armour         | 1 2 |  2.8
Fighting       | 3 |  3.5
Stealth        | |  0.4

Action                   |  1- 3 |  4- 6 || total
-------------------------+-------+-------++-------
Melee: War axe           |   127 |   135 ||   262
  Use: Scroll            |       |     2 ||     2
       Potion            |       |     1 ||     1
 Stab: Sleeping          |       |     2 ||     2
  Eat: Fruit             |       |     4 ||     4
       Beef jerky        |       |     1 ||     1
Armor: Leather armour    |    47 |    39 ||    86
Dodge: Dodged            |    96 |    91 ||   187
Block: Other             |     8 |    18 ||    26
